PIO (24 & UNDER)
JASPER COUGARS @ EAU CLAIRE ESQUIRES
09/14/2028
 
TOP OF THE 1ST
Jasper Cougars batting - Pitching for Eau Claire Esquires : RHP Tom Emery
Pitching: RHP Tom Emery
Batting: SHB Michael Miller 0-0: Foul Ball, location: 2F
0-1: Swinging Strike
0-2: Ball
1-2: Ground out 3-1 (Groundball, 34S)
Batting: RHB Charles Lewis 0-0: Called Strike
0-1: Ball
1-1: Ball
2-1: Swinging Strike
2-2: Ball
3-2: Foul Ball, location: 2F
3-2: SINGLE (Groundball, 6D)
Batting: RHB Alberto Castillo 0-0: Called Strike
0-1: Ball
1-1: Ball
2-1: Foul Ball, location: 2F
2-2: Ball
3-2: Fly out, F8 (Flyball, 8LM)
Batting: RHB Juan Carlos 0-0: Called Strike
Throwing error on steal attempt, E2
Charles Lewis to third
0-1: Ball
1-1: Called Strike
1-2: Foul Ball, location: 2F
1-2: Ball
2-2: TRIPLE (Flyball, 8LXD)
Charles Lewis scores
Batting: RHB José Maldonado 0-0: Foul Ball, location: 2F
0-1: Ball
Wild Pitch!
Juan Carlos scores
1-1: Ball
2-1: Fly out, F2 (Popup, 23)
Top of the 1st over - 2 run(s), 2 hit(s), 1 error(s), 0 left on base; Jasper 2 - Eau Claire 0
BOTTOM OF THE 1ST
Eau Claire Esquires batting - Pitching for Jasper Cougars : LHP Alfredo Maestas
Pitching: LHP Alfredo Maestas
Batting: LHB Brian Easdale 0-0: Fly out, F6 (Popup, 5D)
Batting: SHB Darren Campbell 0-0: Called Strike
0-1: SINGLE (Line Drive, 7LS)
Batting: LHB Lorenzo Vargas 0-0: Called Strike
0-1: Ball
1-1: Called Strike
1-2: Foul Ball, location: 2F
1-2: Ball
2-2: SINGLE (Groundball, 34D)
Darren Campbell to second
Runner from 2nd tries for 3rd, OUT!
Batting: LHB Johnny Foley 0-0: Called Strike
0-1: Ground out U3 (Groundball, 3)
Bottom of the 1st over - 0 run(s), 2 hit(s), 0 error(s), 1 left on base; Jasper 2 - Eau Claire 0
TOP OF THE 2ND
Jasper Cougars batting - Pitching for Eau Claire Esquires : RHP Tom Emery
Batting: RHB Ben Wilson 0-0: Ball
1-0: Ground out 6-3 (Groundball, 6)
Batting: RHB Andrew Weatherly 0-0: Called Strike
0-1: SINGLE (Groundball, 3D)
Batting: RHB Jorge Romero 0-0: Ball
1-0: Foul Ball, location: 2F
Pickoff Throw to First - Out!
1-1: Fly out, F9 (Flyball, 9)
Top of the 2nd over - 0 run(s), 1 hit(s), 0 error(s), 0 left on base; Jasper 2 - Eau Claire 0
BOTTOM OF THE 2ND
Eau Claire Esquires batting - Pitching for Jasper Cougars : LHP Alfredo Maestas
Batting: RHB Glen French 0-0: Fly out, F4 (Line Drive, 4)
Batting: RHB Jorge Garza 0-0: Called Strike
0-1: Foul Ball, location: 2F
0-2: Ball
1-2: Foul Ball, location: 2F
1-2: Strikes out swinging
Batting: RHB Juan Martínez 0-0: Ball
1-0: Foul Ball, location: 2F
1-1: Swinging Strike
1-2: Strikes out looking
Bottom of the 2nd over - 0 run(s), 0 hit(s), 0 error(s), 0 left on base; Jasper 2 - Eau Claire 0
TOP OF THE 3RD
Jasper Cougars batting - Pitching for Eau Claire Esquires : RHP Tom Emery
Batting: RHB Scott McGuire 0-0: Fly out, F9 (Flyball, 9S)
Batting: SHB Michael Miller 0-0: Called Strike
0-1: Foul Ball, location: 2F
0-2: Ball
1-2: Ball
2-2: Foul Ball, location: 2F
2-2: Ground out U3 (Groundball, 34S)
Batting: RHB Charles Lewis 0-0: Fly out, F9 (Flyball, 9S)
Top of the 3rd over - 0 run(s), 0 hit(s), 0 error(s), 0 left on base; Jasper 2 - Eau Claire 0
BOTTOM OF THE 3RD
Eau Claire Esquires batting - Pitching for Jasper Cougars : LHP Alfredo Maestas
Batting: RHB Jackson Smith 0-0: Ground out U3 (Groundball, 34)
Batting: LHB António Chávez 0-0: Called Strike
0-1: Ball
1-1: Ball
2-1: Ground out 4-3 (Groundball, 4M)
Batting: LHB Brian Easdale 0-0: Called Strike
0-1: Ball
1-1: Foul Ball, location: 2F
1-2: Strikes out swinging
Bottom of the 3rd over - 0 run(s), 0 hit(s), 0 error(s), 0 left on base; Jasper 2 - Eau Claire 0
TOP OF THE 4TH
Jasper Cougars batting - Pitching for Eau Claire Esquires : RHP Tom Emery
Batting: RHB Alberto Castillo 0-0: Swinging Strike
0-1: Swinging Strike
0-2: Strikes out swinging
Batting: RHB Juan Carlos 0-0: Ball
1-0: Ball
2-0: Called Strike
2-1: Swinging Strike
2-2: Foul Ball, location: 2F
2-2: Strikes out swinging
Batting: RHB José Maldonado 0-0: Ball
1-0: Called Strike
1-1: Foul Ball, location: 2F
1-2: Ball
2-2: Ground out 4-3 (Groundball, 34)
Top of the 4th over - 0 run(s), 0 hit(s), 0 error(s), 0 left on base; Jasper 2 - Eau Claire 0
BOTTOM OF THE 4TH
Eau Claire Esquires batting - Pitching for Jasper Cougars : LHP Alfredo Maestas
Batting: SHB Darren Campbell 0-0: Ball
1-0: Foul Ball, location: 2F
1-1: Foul Ball, location: 2F
1-2: Ground out U3 (Groundball, 34)
Batting: LHB Lorenzo Vargas 0-0: Called Strike
0-1: Ball
1-1: Ball
2-1: Ground out 4-3 (Groundball, 34)
Batting: LHB Johnny Foley 0-0: Foul Ball, location: 2F
0-1: Ball
1-1: Ball
2-1: Ball
3-1: Foul Ball, location: 2F
3-2: Base on Balls
Batting: RHB Glen French 0-0: Called Strike
0-1: Ball
1-1: Reached on error, E1 (Groundball, 13)
Johnny Foley to third
Batting: RHB Jorge Garza 0-0: SINGLE (Groundball, 6) (infield hit)
Johnny Foley scores
Glen French to third
Batting: RHB Juan Martínez 0-0: Called Strike
0-1: Called Strike
0-2: Ball
1-2: Ball
2-2: Strikes out looking
Bottom of the 4th over - 1 run(s), 1 hit(s), 1 error(s), 2 left on base; Jasper 2 - Eau Claire 1
TOP OF THE 5TH
Jasper Cougars batting - Pitching for Eau Claire Esquires : RHP Tom Emery
Batting: RHB Ben Wilson 0-0: Ball
1-0: Ball
2-0: Foul Ball, location: 2F
2-1: Called Strike
2-2: Fly out, F8 (Flyball, 8RD)
Batting: RHB Andrew Weatherly 0-0: Foul Ball, location: 2F
0-1: Ball
1-1: Foul Ball, location: 2F
1-2: Fly out, F9 (Flyball, 89M)
Batting: RHB Jorge Romero 0-0: Foul Ball, location: 2F
0-1: Fly out, F7 (Flyball, 7LMF)
Top of the 5th over - 0 run(s), 0 hit(s), 0 error(s), 0 left on base; Jasper 2 - Eau Claire 1
BOTTOM OF THE 5TH
Eau Claire Esquires batting - Pitching for Jasper Cougars : LHP Alfredo Maestas
Batting: RHB Jackson Smith 0-0: Ball
1-0: SOLO HOME RUN (Line Drive, 7D), Distance : 353 ft
Batting: LHB António Chávez 0-0: Called Strike
0-1: Called Strike
0-2: Ball
1-2: Foul Ball, location: 2F
1-2: Fly out, F6 (Line Drive, 6)
Batting: LHB Brian Easdale 0-0: Ball
1-0: Foul Ball, location: 2F
1-1: Ball
2-1: Ball
3-1: SINGLE (Flyball, 9LM)
Batting: SHB Darren Campbell 0-0: Ball
1-0: Called Strike
Brian Easdale steals 2nd base
1-1: Ball
2-1: Ground out 6-3 (Groundball, 6M)
Brian Easdale to third
Batting: LHB Lorenzo Vargas 0-0: Foul Ball, location: 2F
0-1: Foul Ball, location: 2F
0-2: Ball
1-2: Ball
2-2: Ground out 6-3 (Groundball, 6)
Bottom of the 5th over - 1 run(s), 2 hit(s), 0 error(s), 1 left on base; Jasper 2 - Eau Claire 2
TOP OF THE 6TH
Jasper Cougars batting - Pitching for Eau Claire Esquires : RHP Tom Emery
Batting: RHB Scott McGuire 0-0: Swinging Strike
0-1: Ball
1-1: Ball
2-1: Ground out 6-3 (Groundball, 6)
Batting: SHB Michael Miller 0-0: Ground out 6-3 (Groundball, 6)
Batting: RHB Charles Lewis 0-0: Called Strike
0-1: Swinging Strike
0-2: Ball
1-2: Strikes out swinging
Top of the 6th over - 0 run(s), 0 hit(s), 0 error(s), 0 left on base; Jasper 2 - Eau Claire 2
BOTTOM OF THE 6TH
Eau Claire Esquires batting - Pitching for Jasper Cougars : LHP Alfredo Maestas
Batting: LHB Johnny Foley 0-0: Called Strike
0-1: Called Strike
0-2: Ball
1-2: Strikes out swinging
Batting: RHB Glen French 0-0: Fly out, F8 (Line Drive, 8RM)
Batting: RHB Jorge Garza 0-0: Foul Ball, location: 2F
0-1: Ball
1-1: Called Strike
1-2: Ball
2-2: Strikes out swinging
Bottom of the 6th over - 0 run(s), 0 hit(s), 0 error(s), 0 left on base; Jasper 2 - Eau Claire 2
TOP OF THE 7TH
Jasper Cougars batting - Pitching for Eau Claire Esquires : RHP Tom Emery
Pinch Hitting: LHB John Stone 0-0: Fly out, F8 (Flyball, 8LS)
Batting: RHB Juan Carlos 0-0: Swinging Strike
0-1: Called Strike
0-2: Ball
1-2: Ball
2-2: Ball
3-2: Foul Ball, location: 2F
3-2: Base on Balls
Pitching: RHP Tim Horton
Batting: RHB José Maldonado 0-0: Ball
1-0: Called Strike
1-1: Foul Ball, location: 2F
1-2: Ground out 4-3 (Groundball, 4)
Juan Carlos to second
Batting: RHB Ben Wilson 0-0: Swinging Strike
0-1: Swinging Strike
0-2: Ball
1-2: Strikes out swinging
Top of the 7th over - 0 run(s), 0 hit(s), 0 error(s), 1 left on base; Jasper 2 - Eau Claire 2
BOTTOM OF THE 7TH
Eau Claire Esquires batting - Pitching for Jasper Cougars : LHP Alfredo Maestas
Pitching: LHP Robert Williams
Now in CF: John Stone
Batting: RHB Juan Martínez 0-0: Called Strike
0-1: Called Strike
0-2: Strikes out looking
Pinch Hitting: RHB Edgardo Morales 0-0: SINGLE (Groundball, 56S) (infield hit)
Batting: LHB António Chávez 0-0: Ball
1-0: Swinging Strike
1-1: Called Strike
1-2: Foul Ball, location: 2F
1-2: Ball
2-2: Fielders Choice at 2nd, 4-6 (Groundball, 4)
Pinch Hitting: RHB Terry Perkins 0-0: Ball
1-0: Foul Ball, location: 2F
1-1: Ball
2-1: 2-RUN HOME RUN (Flyball, 78XD), Distance : 378 ft
Batting: SHB Darren Campbell 0-0: SINGLE (Groundball, 34S) (infield hit)
Pitching: LHP Ángel Gonzáles
Batting: LHB Lorenzo Vargas 0-0: Called Strike
0-1: Ball
1-1: Foul Ball, location: 2F
1-2: Ball
2-2: Fly out, F5 (Line Drive, 56)
Bottom of the 7th over - 2 run(s), 3 hit(s), 0 error(s), 1 left on base; Jasper 2 - Eau Claire 4
TOP OF THE 8TH
Jasper Cougars batting - Pitching for Eau Claire Esquires : RHP Tim Horton
Now in LF: Steve Arnold
Now in RF: Edgardo Morales
Batting: RHB Andrew Weatherly 0-0: Ball
1-0: Ball
2-0: Ball
3-0: Called Strike
3-1: Fly out, F7 (Line Drive, 78S)
Batting: RHB Jorge Romero 0-0: Ball
1-0: Called Strike
1-1: Swinging Strike
1-2: Ball
2-2: Foul Ball, location: 2F
2-2: Foul Ball, location: 2F
2-2: Ball
3-2: Strikes out looking
Batting: RHB Scott McGuire 0-0: Called Strike
0-1: Swinging Strike
0-2: Foul Ball, location: 2F
0-2: Ball
1-2: Strikes out swinging
Top of the 8th over - 0 run(s), 0 hit(s), 0 error(s), 0 left on base; Jasper 2 - Eau Claire 4
BOTTOM OF THE 8TH
Eau Claire Esquires batting - Pitching for Jasper Cougars : LHP Ángel Gonzáles
Batting: LHB Johnny Foley 0-0: Foul Ball, location: 2F
0-1: Called Strike
0-2: Strikes out swinging
Batting: RHB Glen French 0-0: Ball
1-0: Fly out, F9 (Flyball, 89M)
Batting: RHB Jorge Garza 0-0: Ball
1-0: SINGLE (Groundball, 15S) (infield hit)
Batting: RHB Juan Martínez 0-0: Ball
1-0: Ball
2-0: Ball
3-0: Base on Balls
Jorge Garza to second
Batting: RHB Edgardo Morales 0-0: Called Strike
0-1: Swinging Strike
0-2: Ball
1-2: Strikes out swinging
Bottom of the 8th over - 0 run(s), 1 hit(s), 0 error(s), 2 left on base; Jasper 2 - Eau Claire 4
TOP OF THE 9TH
Jasper Cougars batting - Pitching for Eau Claire Esquires : RHP Tim Horton
Pitching: LHP Adrian Bryant
Batting: SHB Michael Miller 0-0: SINGLE (Line Drive, 89S)
Pinch Hitting: RHB Bob Cole 0-0: Called Strike
0-1: Ball
1-1: Fielders Choice at 2nd, 6-4 (Groundball, 6)
Batting: LHB John Stone 0-0: Called Strike
0-1: Ball
1-1: Ball
2-1: SINGLE (Groundball, 5D)
Bob Cole to second
Batting: RHB Juan Carlos 0-0: Ball
1-0: Ball
2-0: Called Strike
2-1: Called Strike
2-2: Strikes out swinging
Batting: RHB José Maldonado 0-0: Called Strike
0-1: Ball
1-1: Foul Ball, location: 2F
1-2: Strikes out swinging
Top of the 9th over - 0 run(s), 2 hit(s), 0 error(s), 2 left on base; Jasper 2 - Eau Claire 4
Tuesday, August 8th, 2017 - OOTP Baseball 17.12 Build 75